AoeStats
← Messier46

Arabia

503229385Analyzed
2v2 RM · 11d ago on Aug 30, 2026· 38m 41s· 4 players
Game mode
Random Map
Map size
Medium (4 player)
Population
200
Speed
Normal
Resources
Standard
Victory
Conquest
Starting age
Dark Age
Ending age
Imperial Age
RankedLock teamsTeams togetherTeam positionsShared explorationLock speedFull tech treeHidden civsTurbo modeCheats
Victory
Defeat
🇪🇸 Magyars · Spain
1106
+14
1094
+14
🇩🇪 Magyars · Germany
1119
-17
🇩🇪 Franks · Germany
996
-11
Genio de la lampara
7:59 Loom
10:44 Feudal Age
12:42 Arson
19:06 Wheelbarrow
18:14 Horse Collar
23:39 Castle Age
21:59 Fletching
22:20 Forging
25:14 Iron Casting
24:40 Scale Mail Armor
24:46 Scale Barding Armor
24:44 Heavy Plow
27:09 Pikeman
27:50 Squires
30:07 Bodkin Arrow
34:44 Chain Barding Armor
37:06 Bloodlines
38:35 Husbandry
Messier46
6:28 Loom
9:31 Feudal Age
10:17 Double-Bit Axe
18:57 Castle Age
18:32 Wheelbarrow
18:31 Stone Mining
22:08 Bow Saw
26:15 Horse Collar
28:15 Husbandry
29:35 Pikeman
30:39 Hand Cart
30:29 Arson
30:44 Fletching
35:30 Imperial Age
34:02 Scale Barding Armor
33:53 Bodkin Arrow
33:55 Gold Mining
35:20 Gold Shaft Mining
34:48 Heavy Plow
36:16 Corvinian Army
37:53 Halberdier
keyboard cat
11:11 Feudal Age
17:58 Castle Age
18:39 Double-Bit Axe
20:02 Horse Collar
20:29 Loom
24:34 Heavy Plow
26:07 Scale Barding Armor
28:04 Bow Saw
35:54 Imperial Age
33:32 Fletching
Carmonlou16
5:01 Loom
10:24 Feudal Age
11:48 Wheelbarrow
11:20 Double-Bit Axe
16:24 Gold Mining
24:35 Padded Archer Armor
24:25 Fletching
25:59 Man-at-Arms
29:27 Scale Barding Armor
29:33 Forging
29:23 Scale Mail Armor
34:58 Castle Age
35:55 Squires
Connection lost

Rejoining the realm…

Still unreachable

The connection could not be restored.

Session expired

The server has moved on; the page needs a fresh start.